 Dungeon Crawl Stone Soup version 0.30.1-9-gdf580d7c3d (webtiles) character file.

Game seed: 297345188865477697

30 Psyclone the Conjurer (level 3, 19/19 HPs)
             Began as a Deep Elf Conjurer on Sept 29, 2023.
             Quit the game on level 1 of the Dungeon.
             The game lasted 00:01:28 (1024 turns).

Psyclone the Conjurer (Deep Elf Conjurer)           Turns: 1024, Time: 00:01:28

Health: 19/19      AC:  2    Str:  4    XL:     3   Next: 5%
Magic:  10/10      EV: 12    Int: 24    God:
Gold:   47         SH:  0    Dex: 13    Spells: 8/9 levels left

rFire   + . .        (no weapon)
rCold   + . .        (no shield)
rNeg    . . .        a - +0 robe
rPois   +            (no helmet)
rElec   +            (no cloak)
rCorr   +            (no gloves)
SInv    .            (no boots)
Will    .....        (no amulet)
Stlth   +            (no ring)
HPRegen 0.23/turn    (no ring)
MPRegen 0.12/turn

%: no passive effects
@: confused, resistant, ambrosia-drunk
A: no striking features
a: no special abilities


You were on level 1 of the Dungeon.
You visited 1 branch of the dungeon, and saw 1 of its levels.

You collected 47 gold pieces.

Inventory:

Armour
 a - a +0 robe (worn)
Potions
 b - a potion of magic
 g - a potion of attraction


   Skills:
 - Level 2.8 Dodging
 - Level 2.9 Stealth
 + Level 3.7 Spellcasting
 + Level 4.8 Conjurations


You had 8 spell levels left.
You knew the following spells:

 Your Spells              Type           Power      Damage    Failure   Level
a - Magic Dart            Conj           100%       1d8       1%          1

Your spell library contained the following spells:

 Spells                   Type           Power      Damage    Failure   Level
 Searing Ray              Conj           54%        2d6       2%          2
 Dazzling Flash           Conj/Hex       32%        N/A       11%         3
 Fulminant Prism          Conj/Hex       8%         3d7       36%         4
 Iskenderun's Mystic Bla  Conj/Tloc      16%        2d5       36%         4


Dungeon Overview and Level Annotations

Branches:
Dungeon (1/15) Zot: 4974

Altars:


Message History

You feel clever. x2
Health restored: 19 A giant cockroach comes into view.
MP restored: 10 A giant cockroach is nearby!
Casting: Magic Dart (safe; 1% risk of failure)
Confirm with . or Enter, or press ? or * to list all spells.
Aiming: Magic Dart (safe; 1% risk of failure)
Press: ? - help, Shift-Dir - straight line, f - giant cockroach
Aim: a giant cockroach (100% to hit)
The magic dart hits the giant cockroach but does no damage.
The giant cockroach closely misses you.
You now have 9/10 mp.
Casting: Magic Dart (safe; 1% risk of failure)
Confirm with . or Enter, or press ? or * to list all spells.
Aiming: Magic Dart (safe; 1% risk of failure)
Press: ? - help, Shift-Dir - straight line, f/p - giant cockroach
Aim: a giant cockroach (100% to hit)
The magic dart hits the giant cockroach.
You kill the giant cockroach!
You now have 8/10 mp.
Casting: Magic Dart (safe; 1% risk of failure)
Confirm with . or Enter, or press ? or * to list all spells.
You can't see any susceptible monsters within range! (Use Z to cast anyway.)
You see here 4 poisoned darts.
Done exploring.
MP restored: 10 Done exploring.
As you read the scroll labelled JEITYR NOYVE, it crumbles to dust.
It is a scroll of identify.
g - a potion of attraction
As you read the scroll labelled LEULYEZ MA CYA, it crumbles to dust.
You feel momentarily disoriented.
It was a scroll of magic mapping.
It was a potion of ambrosia.
You are confused.
You feel invigorated.
It was a potion of resistance.
You feel protected.
It was a potion of heal wounds.
You feel much better.
Are you sure you want to abandon this character and quit the game? (Confirm with "yes".)

##.#####.#
#.#.##.#######
#.....##.####.#)##.#
#.....##.##...#.##.#
#.....##.##.....##.#
#.....#..##...###..#
#.....#.####..# #.##
###.###.# #..# #.# #.#
#.# #..# #.# #.# #.#
#.@# #.# #.###.# #..#
#.# #.##..# #..# #.#
#.#...## #..# #.#
#......###..###.#
#...............#######
##.....###............#
##.>.......#########.##
##.#......##.........#


There were no monsters in sight!

Vanquished Creatures
  A dart slug (D:1)
  2 endoplasms (D:1)
  2 giant cockroaches (D:1)
  2 goblins (D:1)
  3 hobgoblins (D:1)
  4 jackals (D:1)
  2 kobolds (D:1)
  5 ball pythons (D:1)
  3 frilled lizards (D:1)
  2 rats (D:1)
26 creatures vanquished.

Notes
Turn   | Place    | Note
-------+----------+-------------------------------------------
     0 | D:1      | Psyclone the Deep Elf Conjurer began the quest for the Orb.
     0 | D:1      | Reached XP level 1. HP: 10/10 MP: 6/6
   198 | D:1      | Reached XP level 2. HP: 15/15 MP: 2/8
   904 | D:1      | Reached XP level 3. HP: 19/19 MP: 8/10
  1024 | D:1      | Quit the game

Illustrated notes

Levels and vault maps discovered:
D:1:      tarquinn_simple_flora_water_c, layout_loops_ring

Action                     || total
---------------------------++-------
  Melee: Unarmed           ||    10
   Cast: Magic Dart        ||    51
    Use: Potion            ||     3
         Scroll            ||     2
 Armour: Robe              ||     3
  Dodge: Dodged            ||    14
